 Dungeon Crawl Stone Soup version 0.28.0 (webtiles) character file.

Game seed: 4040686057353878088

86 Gremour the Cudgeller (level 4, -2/29 HPs)
             Began as a Gargoyle Monk on Feb 18, 2022.
             Slain by an iguana (7 damage)
             ... on level 3 of the Dungeon.
             The game lasted 00:08:51 (1848 turns).

Gremour the Cudgeller (Gargoyle Monk)               Turns: 1848, Time: 00:08:52

Health: -2/29      AC:  5    Str: 17    XL:     4   Next: 49%
Magic:  4/4        EV: 12    Int: 10    God:
Gold:   122        SH:  0    Dex: 12    Spells: 3/3 levels left

rFire   . . .      SeeInvis .   a - +0 mace
rCold   . . .      Faith    .   (no shield)
rNeg    + . .      Spirit   .   b - +0 robe
rPois   ∞          Reflect  .   (no helmet)
rElec   +          Harm     .   (no cloak)
rCorr   .          Rampage  .   (no gloves)
Will    .....                   (no boots)
Stlth   ++........              (no amulet)
HPRegen 0.09/turn               (no ring)
MPRegen 0.09/turn               (no ring)

@: no status effects
A: sickness immunity, AC +3, negative energy resistance 1, electricity
resistance, torment resistance 1, petrification resistance
a: no special abilities


You were on level 3 of the Dungeon.
You visited 1 branch of the dungeon, and saw 3 of its levels.

You collected 122 gold pieces.

Inventory:

Hand Weapons
 a - a +0 mace (weapon)
Armour
 b - a +0 robe (worn)
Scrolls
 e - 2 scrolls of enchant weapon {unknown}
 f - 3 scrolls of identify {unknown}
 g - 2 scrolls of enchant armour {unknown}
 i - a scroll of acquirement {unknown}
 j - a scroll of brand weapon {unknown}
Potions
 c - a potion of attraction {unknown}
 d - a potion of mutation {unknown}
 h - a potion of heal wounds {unknown}
 k - 2 potions of curing {unknown}
 l - a potion of cancellation {unknown}


   Skills:
 * Level 4.0 Fighting
 * Level 4.2 Maces & Flails
 + Level 2.7 Dodging
 + Level 2.5 Stealth


You had 3 spell levels left.
You didn't know any spells.
Your spell library contained the following spells:

 Spells                   Type           Power      Damage    Failure   Level
 Ozocubu's Armour         Ice            0%         N/A       75%         3
 Metabolic Englaciation   Hex/Ice        0%         N/A       100%        5
 Simulacrum               Ice/Necr       0%         N/A       100%        6


Dungeon Overview and Level Annotations

Branches:
Dungeon (3/15)

Altars:


Innate Abilities, Weirdness & Mutations

You are immune to sickness and miasma.
Your stone body is resilient. (AC +3)
You are immune to poison.
You resist negative energy. (rN+)
You are resistant to electric shocks. (rElec)
You are resistant to unholy torment.
You are immune to petrification.


Message History

You kill the endoplasm!
You hit the orc.
The orc is moderately wounded.
The orc hits you but does no damage. x2
You barely miss the orc.
The orc is moderately wounded.
The orc hits you but does no damage.
You hit the orc.
The orc is heavily wounded.
The orc barely misses you.
You barely miss the orc.
The orc is heavily wounded.
The orc misses you.
You barely miss the orc.
The orc is heavily wounded.
The orc hits you with a +0 dagger.
An iguana comes into view.
You hit the orc.
You kill the orc!
The iguana misses you.
Things that are here:
a +0 dagger; a +0 ring mail; an orc corpse You closely miss the iguana.
The iguana barely misses you.
You hit the iguana.
The iguana is moderately wounded.
The iguana barely misses you. The iguana bites you.
You thump the iguana!
The iguana is severely wounded.
The iguana completely misses you.
You hit the iguana but do no damage.
The iguana is severely wounded.
The iguana bites you but does no damage.
You closely miss the iguana.
The iguana is severely wounded.
The iguana bites you!
* * * LOW HITPOINT WARNING * * *
You barely miss the iguana.
The iguana is severely wounded.
The iguana bites you!
You die...

#... .# ....# #.
....###(. .# #...#.. .#
#..?.. .# # ##(8!## .#
#. #..[).##.# #.#
#l..#.# #... ##@...#
#..#####†..# #.........#
###.†..#### #.####
#####.####### #.#.
#......##... ... #
#.###..##.# ###..# ..
...#.###..#..##.....#.##
#.


You could see an iguana.

Vanquished Creatures
  A gnoll (D:1)
  2 worms (D:2)
  2 orcs (D:3)
  6 endoplasms
  5 giant cockroaches
  5 goblins
  7 hobgoblins
  2 jackals (D:2)
  7 kobolds
  3 quokkas
  4 ball pythons
  8 bats
  3 frilled lizards
  8 rats
63 creatures vanquished.

Vanquished Creatures (others)
  A demonic plant (D:2)
1 creature vanquished.

Grand Total: 64 creatures vanquished

Notes
Turn   | Place    | Note
-------+----------+-------------------------------------------
     0 | D:1      | Gremour the Gargoyle Monk began the quest for the Orb.
     0 | D:1      | Reached XP level 1. HP: 14/14 MP: 1/1
   146 | D:1      | Reached XP level 2. HP: 17/19 MP: 2/2
   418 | D:1      | Reached XP level 3. HP: 16/24 MP: 3/3
  1087 | D:2      | Reached XP level 4. HP: 26/29 MP: 4/4
  1444 | D:2      | Found a faded altar of an unknown god.
  1848 | D:3      | Slain by an iguana

Illustrated notes

Levels and vault maps discovered:
D:1:      scummos_arrival_gate, layout_basic, minmay_misc_feat_room,
          st_stairs_10
D:2:      layout_loops_cross, shapermc_ecumenical_altar_gd,
          kennysheep_generic_room_2
D:3:      layout_loops_cross, serial_shops, shop, serial_rivers,
          chequers_serial_rivers_micro_a, chequers_serial_rivers_micro_a,
          chequers_serial_rivers_marsh, chequers_serial_rivers_micro_e,
          chequers_serial_rivers_small_a, minmay_circle_x

Skill      XL: |  1  2  3  4 |
---------------+-------------+-----
Maces & Flails | 4 |  4.2
Fighting       | 4 |  4.0
Dodging        | |  2.7
Stealth        | |  2.5

Action                   |  1- 3 |  4- 6 || total
-------------------------+-------+-------++-------
Melee: Mace              |   114 |    79 ||   193
 Stab: Sleeping          |     5 |     3 ||     8
Armor: Robe              |    50 |    30 ||    80
Dodge: Dodged            |    78 |    31 ||   109
